 Dungeon Crawl Stone Soup version 0.29-a0-668-g12ee2bf84d (webtiles) character file.

Game seed: 8200106616811807980

104 purpskrrrp the Sneak (level 4, -3/33 HPs)
             Began as a Demonspawn Wanderer on June 23, 2022.
             Slain by an orc priest
             ... wielding a +0 hand axe
              (6 damage)
             ... on level 3 of the Dungeon.
             The game lasted 00:09:24 (3369 turns).

purpskrrrp the Sneak (Demonspawn Wanderer)          Turns: 3369, Time: 00:09:25

Health: -3/33      AC: 12    Str:  9    XL:     4   Next: 52%
Magic:  5/5        EV:  0    Int: 13    God:
Gold:   119        SH:  0    Dex: 18    Spells: 5/5 levels left

rFire   . . .      SeeInvis .   o - +0 broad axe
rCold   . . .      Faith    .   (no shield)
rNeg    . . .      Spirit   .   f - +1 plate armour
rPois   .          Reflect  .   b - +0 helmet
rElec   .          Harm     .   (no cloak)
rCorr   .          Rampage  .   (no gloves)
Will    .....                   (no boots)
Stlth   ..........              (no amulet)
HPRegen 0.11/turn               (no ring)
MPRegen 0.09/turn               (no ring)

@: no status effects
A: demonic touch 1
a: no special abilities


You were on level 3 of the Dungeon.
You visited 1 branch of the dungeon, and saw 3 of its levels.

You collected 119 gold pieces.

Inventory:

Hand Weapons
 a - a +2 short sword
 j - a +0 lajatang
 o - a +0 broad axe (weapon)
Armour
 b - a +0 helmet (worn)
 d - a +0 robe
 f - a +1 plate armour (worn)
 l - a +0 scale mail
Scrolls
 c - 2 scrolls of fog
 m - a scroll of magic mapping {unknown}
 n - a scroll of summoning {unknown}
Potions
 e - a potion of degeneration {unknown}
 g - 4 potions of lignification
 h - 2 potions of haste
 i - a potion of curing {unknown}
 k - a potion of ambrosia {unknown}


   Skills:
 + Level 1.8 Fighting
 + Level 2.7 Short Blades
 + Level 0.7 Staves
 + Level 0.7 Dodging
 + Level 3.5 Stealth
 + Level 1.0 Spellcasting
 + Level 3.1 Air Magic


You had 5 spell levels left.
You didn't know any spells.
Your spell library contained the following spells:

 Spells                   Type           Power      Damage    Failure   Level
 Poisonous Vapours        Pois/Air       8%         N/A       100%        2
 Static Discharge         Conj/Air       4%         N/A       100%        2


Dungeon Overview and Level Annotations

Branches:
Dungeon (3/15)

Altars:
Uskayaw

Shops:
D:1 (   D:2 (


Innate Abilities, Weirdness & Mutations

Your touch may inflict minor irresistible damage on your foes.


Message History

Found a stone staircase leading down.
Found a stone staircase leading down.
You see here a +0 broad axe.
o - a +0 broad axe
o - a +0 broad axe (weapon)
2 orcs come into view.
The orc shouts! x2; You hear a shout!
An orc priest comes into view. It is wielding a +0 flail.
An orc comes into view. It is wielding a +0 club.
An orc comes into view. It is wielding a +0 club.
The orc shouts! x2
The orc priest casts a cantrip, but nothing happens.
The orc moves out of view.
An orc comes into view. It is wielding a +0 club.
A quokka comes into view.
The orc priest invokes the aid of Beogh against you.
Beogh smites you!
An orc priest comes into view. It is wielding a +0 hand axe.
You closely miss the orc. Your touch misses the orc.
The orc hits you but does no damage. x2; The orc hits you with a +0 mace.
An orc comes into view. It is wielding a +0 dagger.
You hit the orc.
The orc is severely wounded.
The orc hits you but does no damage.
You slash the orc!
You kill the orc!
The orc priest invokes the aid of Beogh against you.
Beogh smites you!
* * * LOW HITPOINT WARNING * * *
The orc hits you but does no damage.
You hear a shout!
You slash the orc!
You kill the orc!
The quokka bites you.
* * * LOW HITPOINT WARNING * * *
You slash the quokka!
You kill the quokka!
An adder comes into view.
The orc priest hits you with a +0 hand axe.
You die...

#o.# ........### #.o#
.........## #.o#
########... #o.# #.##
#.o## #.## ######...
#.# ...>..o.#
###########.#
###..#####...........#
#S>.oo@....#########.#
#.#.o####### #.# #
#..# #.## #..# #...
#..# #######.## #..#
####.......# #...
..##.####### #.#
#.##.######## #<#
#.##.##......


You could see 2 orc priests, an adder (wandering) and 2 orcs.

Vanquished Creatures
  A gnoll (D:2)
  3 adders
  7 orcs (D:3)
  5 endoplasms
  4 giant cockroaches
  2 goblins
  5 hobgoblins
  3 jackals (D:2)
  3 quokkas
  5 ball pythons
  7 bats
  4 frilled lizards
  4 kobolds (D:1)
  5 rats
58 creatures vanquished.

Vanquished Creatures (others)
  6 plants (D:1)
6 creatures vanquished.

Grand Total: 64 creatures vanquished

Notes
Turn   | Place    | Note
-------+----------+-------------------------------------------
     0 | D:1      | purpskrrrp the Demonspawn Wanderer began the quest for the
                  | Orb.
     0 | D:1      | purpskrrrp set off with the following items: a +2 short
                  | sword, a +0 helmet, a scroll of fog, a +0 robe; and the
                  | following spells available to memorise: Poisonous Vapours,
                  | Static Discharge.
     0 | D:1      | Reached XP level 1. HP: 15/15 MP: 2/2
    20 | D:1      | Found Oluequ's Weapon Shoppe.
   212 | D:1      | Found a faded altar of an unknown god.
   368 | D:1      | Gained mutation: Your touch may inflict minor irresistible
                  | damage on your foes. [demonic ancestry]
   368 | D:1      | Reached XP level 2. HP: 10/21 MP: 3/3
  1521 | D:2      | Reached XP level 3. HP: 26/26 MP: 4/4
  1805 | D:2      | Found Xakkoenwi's Weapon Shop.
  2405 | D:2      | Reached XP level 4. HP: 18/32 MP: 5/5
  3097 | D:3      | Found a hide-covered altar of Uskayaw.
  3369 | D:3      | Slain by an orc priest

Illustrated notes

Levels and vault maps discovered:
D:1:      erik_arrival_blinker_ship, layout_basic,
          ebering_ecumenical_altar_mist, serial_shops, nicolae_shop_waterfront,
          serial_bayou, serial_bayou_lagoon_a, serial_bayou_ford_a,
          serial_bayou_pond_c, serial_bayou_shore_b, minmay_cupped
D:2:      layout_loops_ring, serial_shops, shop, amcnicky_mini_corridor_feature,
          st_stairs_12
D:3:      layout_loops_ring, eat_drink_and_be_merry_uskayaw

Skill      XL: |  1  2 |
---------------+-------+-----
Air Magic      | 3 |  3.1
Short Blades   | 2 |  2.7
Stealth        | 3 |  3.5
Fighting       | |  1.8
Staves         | |  0.7
Dodging        | |  0.7
Spellcasting   | |  1.0

Action                   |  1- 3 |  4- 6 || total
-------------------------+-------+-------++-------
Melee: Short sword       |    63 |    37 ||   100
       Punch             |     2 |       ||     2
       Touch             |     6 |     7 ||    13
       Lajatang          |    41 |     1 ||    42
       Broad axe         |       |     5 ||     5
  Use: Scroll            |     3 |     2 ||     5
 Stab: Sleeping          |     6 |       ||     6
       Distracted        |     1 |       ||     1
Armor: Robe              |    43 |     1 ||    44
       Plate armour      |       |    32 ||    32
Dodge: Dodged            |    87 |     5 ||    92

Table legend: (Time is in decaauts)
 A = Elapsed time spent in this place.
 B = Non-inter-level travel time spent in this place.
 C = Inter-level travel time spent in this place.
 D = Time resting spent in this place.
 E = Time spent auto-exploring this place.
 F = Levels seen in this place.
 G = Mean time per level.
                   A        B        C        D        E       F      G
               +--------+--------+--------+--------+--------+-----+--------+
         Total |   3409 |   3165 |    244 |    566 |   2135 |   3 | 1136.3 |
       Dungeon |   3409 |   3165 |    244 |    566 |   2135 |   3 | 1136.3 |
               +--------+--------+--------+--------+--------+-----+--------+

Top non-repeatable levels by time:
     D:1: 1531 daAuts
     D:2: 1468 daAuts
     D:3: 409 daAuts
